[Event "EIRCC 2019"]
[Site "Tallinn"]
[Date "2019.12.06"]
[Round "12.12"]
[White "Kozak, Adam"]
[Black "Lintchevski, Daniil"]
[Result "1/2-1/2"]
[ECO "A06"]
[WhiteElo "2240"]
[BlackElo "2515"]
[Annotator "ChessBase"]
[PlyCount "109"]
[EventDate "2019.12.05"]
[EventType "swiss"]
[EventCountry "EST"]
[SourceTitle "playchess.com"]
[Source "ChessBase"]
[SourceQuality "1"]
[TimeControl "900+10"]

1. Nf3 d5 2. g3 Bg4 3. Bg2 Nd7 4. h3 Bh5 5. d4 c6 6. O-O e6 7. c4 Bxf3 8. Bxf3 Ngf6 9. b3 Be7 10. Bb2 O-O 11. Nc3 Re8 12. Bg2 Qa5 13. e3 Ba3 14. Qc1 Bxb2 15. Qxb2 Qb4 16. a3 Qe7 17. Rfd1 a5 18. Rac1 h6 19. Ne2 Reb8 20. Nf4 a4 21. b4 Nb6 22. Bf1 dxc4 23. Bxc4 Nxc4 24. Rxc4 Ne4 25. Rcc1 Nd6 26. Ne2 Rd8 27. Rc5 Ne4 28. Rcc1 Qg5 29. Qc2 Qf5 30. Nf4 Nd6 31. Qxf5 exf5 32. Rd3 Nb5 33. Rc5 g6 34. Kg2 Rd6 35. Ne2 h5 36. h4 Kg7 37. Ng1 Rad8 38. Nf3 Rd5 39. Rc1 Nd6 40. Nd2 Kf8 41. Nc4 Nxc4 42. Rxc4 Ke7 43. Kf3 R8d6 44. Rdc3 Kd7 45. Rc5 b6 46. R5c4 Rb5 47. Rc2 Re6 48. Rc1 Kc7 49. Ke2 Kd7 50. Kd3 Rd6 51. R4c3 Re6 52. R3c2 Rd5 53. Rc4 Rb5 54. R1c2 Rd6 55. R4c3 1/2-1/2

[Event "EIRCC 2019"]
[Site "Tallinn"]
[Date "2019.12.06"]
[Round "12.13"]
[White "Dordzhieva, Dinara"]
[Black "Kanep, Meelis"]
[Result "1-0"]
[ECO "A05"]
[WhiteElo "2310"]
[BlackElo "2466"]
[Annotator "ChessBase"]
[PlyCount "99"]
[EventDate "2019.12.05"]
[EventType "swiss"]
[EventCountry "EST"]
[SourceTitle "playchess.com"]
[Source "ChessBase"]
[SourceQuality "1"]
[TimeControl "900+10"]

1. Nf3 Nf6 2. c4 d6 3. d4 g6 4. g3 Bg7 5. Bg2 O-O 6. Nc3 c6 7. O-O Qb6 8. e3 Re8 9. b3 e5 10. dxe5 dxe5 11. Bb2 Bf5 12. Ng5 e4 13. Qd6 h6 14. Na4 Qd8 15. Qxd8 Rxd8 16. Nh3 Na6 17. Nf4 b5 18. cxb5 cxb5 19. Nc3 Rd2 20. Rab1 g5 21. Nh3 b4 22. Nb5 Nc5 23. Rfd1 Rxd1+ 24. Rxd1 Nd3 25. Bd4 Rc8 26. Nd6 Bxh3 27. Bxh3 Rc2 28. Rf1 Rxa2 29. Bf5 Rd2 30. Bxf6 Nc5 31. Bxg7 Rxd6 32. Bd4 Nxb3 33. Bxa7 Nd2 34. Rc1 b3 35. Bd4 Nf3+ 36. Kg2 Nxd4 37. exd4 Rxd4 38. Rc8+ Kg7 39. Rb8 Kf6 40. g4 h5 41. h3 hxg4 42. hxg4 Ke5 43. Rxb3 Kf4 44. Rb7 Rd2 45. Rb4 Re2 46. Rc4 Re1 47. Ra4 f6 48. Rb4 Re2 49. Rc4 Rxf2+ 50. Kxf2 1-0

[Event "EIRCC 2019"]
[Site "Tallinn"]
[Date "2019.12.06"]
[Round "12.14"]
[White "Usmanov, Vasily"]
[Black "Lazavik, Denis"]
[Result "1-0"]
[ECO "D14"]
[WhiteElo "2428"]
[BlackElo "2201"]
[Annotator "NA"]
[PlyCount "87"]
[EventDate "2019.12.05"]
[EventType "swiss"]
[EventCountry "EST"]
[SourceTitle "playchess.com"]
[Source "ChessBase"]
[SourceQuality "1"]
[TimeControl "900+10"]

1. Nf3 Nf6 2. c4 c6 3. d4 d5 4. cxd5 cxd5 5. Nc3 Nc6 6. Bf4 Bf5 7. e3 e6 8. Qb3 Bb4 9. Ne5 Bxc3+ 10. bxc3 O-O 11. Be2 Rc8 12. Nxc6 Rxc6 13. O-O Qc8 14. Rfc1 Ne4 15. c4 Nd2 16. Qa3 Nxc4 17. Qxa7 b5 18. Qe7 Qa6 19. h4 h6 20. g4 Bh7 21. g5 hxg5 22. hxg5 Rcc8 23. Kg2 Rce8 24. Qb4 f6 25. a4 e5 26. axb5 Qe6 27. Ra6 Qf5 28. Bg3 exd4 29. Bxc4 dxe3 30. g6 Bxg6 31. Bb3 Bh5 32. Qf4 Qd3 33. Rh1 e2 34. Rxh5 e1=Q 35. Bxd5+ Rf7 36. Kh2 Qed1 37. Qh4 Qxg3+ 38. Kxg3 Qg1+ 39. Kh3 Qf1+ 40. Kh2 Kf8 41. Qb4+ Kg8 42. Bxf7+ Kxf7 43. Ra7+ Kg8 44. Qb3+ 1-0

[Event "EIRCC 2019"]
[Site "Tallinn"]
[Date "2019.12.06"]
[Round "12.16"]
[White "Sanal, Vahap"]
[Black "Van Foreest, Lucas"]
[Result "1-0"]
[ECO "B00"]
[WhiteElo "2597"]
[BlackElo "2399"]
[Annotator "RC"]
[PlyCount "87"]
[EventDate "2019.12.05"]
[EventType "swiss"]
[EventCountry "EST"]
[SourceTitle "playchess.com"]
[Source "ChessBase"]
[SourceQuality "1"]
[TimeControl "900+10"]

1. e4 b6 2. d4 Bb7 3. Bd3 g6 4. Bg5 Bg7 5. c3 d6 6. Nd2 Nd7 7. f4 f5 8. Ngf3 fxe4 9. Nxe4 Ngf6 10. Qe2 O-O 11. O-O c5 12. Bxf6 Nxf6 13. Neg5 Qd7 14. Bc4+ Bd5 15. Ne6 Qxe6 16. Qxe6+ Bxe6 17. Bxe6+ Kh8 18. Rae1 Bh6 19. g3 Rab8 20. Bb3 Rb7 21. Ng5 d5 22. Ne6 Rc8 23. Re5 c4 24. Bd1 Rd7 25. Ba4 Rd6 26. Ng5 Bxg5 27. fxg5 Ng8 28. Rf7 b5 29. Bd1 b4 30. Bg4 bxc3 31. bxc3 Rcc6 32. Bf3 e6 33. Rxa7 Rb6 34. h4 Rb1+ 35. Kg2 Rdb6 36. Re2 R1b2 37. a4 Rxe2+ 38. Bxe2 e5 39. dxe5 Re6 40. a5 Rxe5 41. Bf3 h6 42. a6 d4 43. Rc7 dxc3 44. a7 1-0

[Event "EIRCC 2019"]
[Site "Tallinn"]
[Date "2019.12.06"]
[Round "12.18"]
[White "Babula, Vlastimil"]
[Black "Frischmann, Rick"]
[Result "1-0"]
[ECO "D07"]
[WhiteElo "2559"]
[BlackElo "2375"]
[Annotator "ChessBase"]
[PlyCount "61"]
[EventDate "2019.12.05"]
[EventType "swiss"]
[EventCountry "EST"]
[SourceTitle "playchess.com"]
[Source "ChessBase"]
[SourceQuality "1"]
[TimeControl "900+10"]

1. d4 d5 2. c4 Nc6 3. cxd5 Qxd5 4. e3 e5 5. Nc3 Bb4 6. Bd2 Bxc3 7. Bxc3 exd4 8. Ne2 Nf6 9. Nxd4 O-O 10. Nb5 Qg5 11. h4 Qh6 12. Qf3 Bg4 13. Qg3 a6 14. Nd4 Nxd4 15. Bxd4 Rfd8 16. Bc4 Ne4 17. Qxg4 Rxd4 18. Bxf7+ Kxf7 19. O-O Rb4 20. a3 Rxb2 21. Qxe4 Rf8 22. Rab1 Rxb1 23. Rxb1 b5 24. Rc1 Kg8 25. Rxc7 Qd6 26. Ra7 Qd1+ 27. Kh2 Qd6+ 28. f4 Qxa3 29. Qe5 Rf7 30. Qd5 Qf8 31. Ra8 1-0

[Event "EIRCC 2019"]
[Site "Tallinn"]
[Date "2019.12.06"]
[Round "12.19"]
[White "Dragnev, Valentin"]
[Black "Ruck, Robert"]
[Result "0-1"]
[ECO "E15"]
[WhiteElo "2380"]
[BlackElo "2551"]
[Annotator "ChessBase"]
[PlyCount "76"]
[EventDate "2019.12.05"]
[EventType "swiss"]
[EventCountry "EST"]
[SourceTitle "playchess.com"]
[Source "ChessBase"]
[SourceQuality "1"]
[TimeControl "900+10"]

1. d4 Nf6 2. c4 e6 3. Nf3 b6 4. g3 Ba6 5. b3 d5 6. Bg2 dxc4 7. Ne5 Bb4+ 8. Kf1 Bd6 9. Nxc4 Nd5 10. Bf3 f5 11. Kg2 O-O 12. Nxd6 cxd6 13. Bxd5 exd5 14. Ba3 Qe7 15. Nc3 Nd7 16. e3 Nf6 17. Rc1 Qe6 18. Re1 Rf7 19. f3 g5 20. Kg1 Re8 21. Qd2 g4 22. f4 h5 23. Qg2 Rh7 24. Nd1 h4 25. gxh4 Rxh4 26. Nf2 Qd7 27. Rc3 Rc8 28. Rxc8+ Bxc8 29. Rc1 Ba6 30. Rc2 Kf7 31. Qg3 Rh8 32. Qg2 Ke6 33. Qg3 Qb5 34. Rc1 Qa5 35. Bb2 Qd2 36. Ba3 Qxa2 37. Bb4 Qxb3 38. Be1 Qb2 0-1

[Event "EIRCC 2019"]
[Site "Tallinn"]
[Date "2019.12.06"]
[Round "12.21"]
[White "Luukkonen, Tommi"]
[Black "Stocek, Jiri"]
[Result "0-1"]
[ECO "B90"]
[WhiteElo "2332"]
[BlackElo "2532"]
[Annotator "ChessBase"]
[PlyCount "80"]
[EventDate "2019.12.05"]
[EventType "swiss"]
[EventCountry "EST"]
[SourceTitle "playchess.com"]
[Source "ChessBase"]
[SourceQuality "1"]
[TimeControl "900+10"]

1. e4 c5 2. Nf3 d6 3. d4 cxd4 4. Nxd4 Nf6 5. Nc3 a6 6. h3 e6 7. g4 h6 8. Bg2 Qc7 9. Be3 b5 10. a3 Bb7 11. f4 Nbd7 12. f5 e5 13. Nde2 Nb6 14. b3 Rd8 15. Qd3 Be7 16. a4 bxa4 17. Nxa4 Nxa4 18. Rxa4 d5 19. O-O O-O 20. Ng3 dxe4 21. Qe2 Nd5 22. Rc4 Qb8 23. f6 Bxf6 24. Nxe4 Be7 25. Bc5 Bxc5+ 26. Nxc5 Nf4 27. Rfxf4 Bxg2 28. Rf2 Bd5 29. Rc3 Qb4 30. Qe3 Ba8 31. Rc4 Qb6 32. Kh2 Rfe8 33. g5 hxg5 34. Qxg5 Rd6 35. Qh5 Bd5 36. Rc3 Rc6 37. b4 Qxb4 38. Ne6 g6 39. Rg3 Rexe6 40. Rxf7 Rxc2+ 0-1

[Event "EIRCC 2019"]
[Site "Tallinn"]
[Date "2019.12.06"]
[Round "12.22"]
[White "Pershin, Denis"]
[Black "Blohberger, Felix"]
[Result "0-1"]
[ECO "A85"]
[WhiteElo "2509"]
[BlackElo "2316"]
[Annotator "ChessBase"]
[PlyCount "154"]
[EventDate "2019.12.05"]
[EventType "swiss"]
[EventCountry "EST"]
[SourceTitle "playchess.com"]
[Source "ChessBase"]
[SourceQuality "1"]
[TimeControl "900+10"]

1. d4 f5 2. c4 Nf6 3. Nc3 e6 4. g3 Bb4 5. Bd2 O-O 6. Bg2 d6 7. a3 Bxc3 8. Bxc3 Ne4 9. Qc2 Nxc3 10. Qxc3 Qe7 11. Nf3 Nc6 12. O-O e5 13. d5 Nb8 14. c5 f4 15. cxd6 cxd6 16. Rac1 Bg4 17. Qc7 Nd7 18. Nd2 fxg3 19. hxg3 Bxe2 20. Rfe1 Bd3 21. Bh3 Qf6 22. f3 Nb6 23. Be6+ Kh8 24. Re3 e4 25. f4 Qd4 26. Kf2 Nxd5 27. Bxd5 Qxd5 28. Qc3 Rae8 29. Nb3 Qh5 30. Kg2 Be2 31. Nd4 Bf3+ 32. Nxf3 exf3+ 33. Rxf3 Re2+ 34. Rf2 Rfe8 35. Rcf1 h6 36. Qd4 Rxf2+ 37. Rxf2 Re1 38. Rf1 Qe2+ 39. Rf2 Qh5 40. Rf1 Rxf1 41. Kxf1 Qf3+ 42. Ke1 Qxg3+ 43. Ke2 Qg2+ 44. Kd3 a6 45. Qxd6 Qxb2 46. Qf8+ Kh7 47. Qf5+ g6 48. Qd7+ Qg7 49. Qe6 h5 50. Ke2 Qb2+ 51. Kd1 Qd4+ 52. Kc2 Qxf4 53. Qe7+ Kh6 54. Qxb7 Qa4+ 55. Kd2 Qxa3 56. Qf7 Qa5+ 57. Kd1 Qf5 58. Qg8 Qf6 59. Ke2 a5 60. Qa8 Qf5 61. Qh8+ Kg5 62. Qd8+ Kg4 63. Qd4+ Qf4 64. Qd7+ Kh4 65. Qd8+ Qg5 66. Qc7 Qg4+ 67. Kf2 Qf5+ 68. Kg2 Qg5+ 69. Kf3 Kh3 70. Qg7 h4 71. Qg8 a4 72. Kf2 Qf5+ 73. Kg1 Kg3 74. Qb8+ Qf4 75. Qb2 Qe3+ 76. Kf1 Qf3+ 77. Ke1 Qh1+ 0-1

[Event "EIRCC 2019"]
[Site "Tallinn"]
[Date "2019.12.06"]
[Round "12.23"]
[White "Chukavin, Kirill"]
[Black "Sebenik, Matej"]
[Result "0-1"]
[ECO "C07"]
[WhiteElo "2290"]
[BlackElo "2504"]
[Annotator "ChessBase"]
[PlyCount "92"]
[EventDate "2019.12.05"]
[EventType "swiss"]
[EventCountry "EST"]
[SourceTitle "playchess.com"]
[Source "ChessBase"]
[SourceQuality "1"]
[TimeControl "900+10"]

1. e4 e6 2. d4 d5 3. Nd2 c5 4. exd5 Qxd5 5. Ngf3 cxd4 6. Bc4 Qd6 7. O-O Nf6 8. Nb3 Nc6 9. Nbxd4 Nxd4 10. Nxd4 a6 11. Re1 Qc7 12. Bd3 Bd6 13. h3 O-O 14. c3 Bh2+ 15. Kh1 Bf4 16. Qf3 Bxc1 17. Raxc1 Bd7 18. Bb1 Rad8 19. Qe2 Bc8 20. Nf3 b6 21. Rcd1 Bb7 22. Rxd8 Rxd8 23. Rd1 Rxd1+ 24. Qxd1 Kf8 25. Kg1 a5 26. Ne1 Ke7 27. Nc2 Qc5 28. Ne3 g5 29. Bd3 h6 30. Be2 Nd5 31. Nc2 Nf4 32. Bf3 Bxf3 33. Qxf3 Qd5 34. Qxd5 exd5 35. Ne3 Ke6 36. Kf1 Nd3 37. Nd1 f5 38. Ke2 Nc5 39. b4 Ne4 40. Kd3 f4 41. bxa5 bxa5 42. Kd4 Nd2 43. Kc5 h5 44. Kd4 a4 45. Nb2 a3 46. Nd3 Nb3+ 0-1

[Event "EIRCC 2019"]
[Site "Tallinn"]
[Date "2019.12.06"]
[Round "12.24"]
[White "Rocha, Sergio"]
[Black "Lobanov, Sergei"]
[Result "0-1"]
[ECO "A20"]
[WhiteElo "2249"]
[BlackElo "2483"]
[Annotator "ChessBase"]
[PlyCount "86"]
[EventDate "2019.12.05"]
[EventType "swiss"]
[EventCountry "EST"]
[SourceTitle "playchess.com"]
[Source "ChessBase"]
[SourceQuality "1"]
[TimeControl "900+10"]

1. c4 e5 2. Nf3 Nc6 3. b3 e4 4. Ng1 f5 5. Bb2 Nf6 6. Nc3 d5 7. cxd5 Nb4 8. Nh3 Nbxd5 9. Nxd5 Nxd5 10. g3 Be6 11. Nf4 Nxf4 12. gxf4 Qh4 13. e3 O-O-O 14. Qc2 Bb4 15. O-O-O Rd7 16. Bb5 c6 17. Be5 Bd6 18. d4 exd3 19. Bxd3 Bxe5 20. fxe5 Rhd8 21. f4 g6 22. Bc4 Bxc4 23. bxc4 Qh3 24. Qc3 Qf3 25. Qb3 Rxd1+ 26. Rxd1 Rxd1+ 27. Qxd1 Qxe3+ 28. Kc2 Qa3 29. Qd4 Qxa2+ 30. Kc1 Qa3+ 31. Kc2 Qa4+ 32. Kc1 Qb4 33. e6 Qe1+ 34. Kc2 Qxe6 35. Kb3 b5 36. Qxa7 Qxc4+ 37. Kb2 Qb4+ 38. Kc1 Qxf4+ 39. Kc2 Qxh2+ 40. Kb3 Qg3+ 41. Kb4 Qd6+ 42. Kb3 h5 43. Qh7 f4 0-1

[Event "EIRCC 2019"]
[Site "Tallinn"]
[Date "2019.12.06"]
[Round "12.26"]
[White "Cerveny, Martin"]
[Black "Sanz Wawer, Daniel"]
[Result "0-1"]
[ECO "E11"]
[WhiteElo "2432"]
[BlackElo "2103"]
[Annotator "NA"]
[PlyCount "154"]
[EventDate "2019.12.05"]
[EventType "swiss"]
[EventCountry "EST"]
[SourceTitle "playchess.com"]
[Source "ChessBase"]
[SourceQuality "1"]
[TimeControl "900+10"]

1. d4 Nf6 2. Nf3 e6 3. c4 Bb4+ 4. Nbd2 d5 5. a3 Be7 6. b4 O-O 7. Bb2 b6 8. e3 Bb7 9. c5 Ne4 10. Bd3 f5 11. Rc1 c6 12. Ne5 Nxd2 13. Qxd2 Nd7 14. Nxd7 Qxd7 15. a4 bxc5 16. bxc5 Qc8 17. Qe2 Qc7 18. Bc3 Bf6 19. f4 Rab8 20. h4 Bc8 21. g4 fxg4 22. h5 Kh8 23. Qc2 h6 24. Ke2 Bd7 25. a5 Qb7 26. Rb1 Qc7 27. a6 Rxb1 28. Qxb1 Rb8 29. Qd1 Be8 30. Kf2 Qf7 31. Kg2 Kg8 32. Bc2 Bd7 33. Qd3 Kf8 34. Qe2 Bc8 35. Bd3 Rb3 36. Qc2 Rb8 37. Ba5 Qe8 38. Bc7 Ra8 39. Bd6+ Be7 40. Be5 Bf6 41. Qe2 Bxe5 42. fxe5 Rb8 43. Rf1+ Kg8 44. Qxg4 Qe7 45. Qg6 Qg5+ 46. Qxg5 hxg5 47. Bg6 Bxa6 48. Rf7 Rb7 49. Rf2 Bb5 50. Kg3 a5 51. Kg4 a4 52. Kxg5 a3 53. Ra2 Ra7 54. h6 Bc4 55. h7+ Kh8 56. Ra1 a2 57. e4 Rb7 58. exd5 Bxd5 59. Rf1 Rb8 60. Bd3 Ra8 61. Ra1 Ra3 62. Bg6 Rg3+ 63. Kh5 Bf3+ 64. Kh4 Rxg6 65. Rxa2 Kxh7 66. Rf2 Bd5 67. Rf4 Rg1 68. Kh3 Kg6 69. Kh4 Re1 70. Rg4+ Kh7 71. Kg5 Re4 72. Rg3 Rxd4 73. Rf3 Re4 74. Rh3+ Kg8 75. Kg6 Rg4+ 76. Kh5 Rg1 77. Kh4 Rh1 0-1

[Event "EIRCC 2019"]
[Site "Tallinn"]
[Date "2019.12.06"]
[Round "12.30"]
[White "Ladva, Ottomar"]
[Black "Dubrovin, Robert"]
[Result "1-0"]
[ECO "A05"]
[WhiteElo "2446"]
[BlackElo "2235"]
[Annotator "NA"]
[PlyCount "75"]
[EventDate "2019.12.05"]
[EventType "swiss"]
[EventCountry "EST"]
[SourceTitle "playchess.com"]
[Source "ChessBase"]
[SourceQuality "1"]
[TimeControl "900+10"]

1. Nf3 Nf6 2. g3 b5 3. Bg2 Bb7 4. Na3 a6 5. c4 e5 6. cxb5 Bxa3 7. bxa3 axb5 8. Qb3 O-O 9. Qxb5 Ba6 10. Qb1 e4 11. Nd4 c5 12. Nb5 Nc6 13. a4 Rb8 14. Bb2 Bxb5 15. axb5 Rxb5 16. a4 Rb8 17. Qc1 Nd4 18. Bxd4 cxd4 19. a5 Qe7 20. O-O Rfc8 21. Qa3 Qe6 22. a6 d5 23. d3 h5 24. Qa4 Qb6 25. a7 Ra8 26. Rfb1 Qc5 27. Rb7 h4 28. Rab1 hxg3 29. hxg3 e3 30. fxe3 dxe3 31. Rb8 Kh7 32. Qh4+ Kg6 33. Bh3 Re8 34. Rf1 d4 35. Bf5+ Qxf5 36. Rxf5 Kxf5 37. Rxa8 Rxa8 38. Qxd4 1-0

[Event "EIRCC 2019"]
[Site "Tallinn"]
[Date "2019.12.06"]
[Round "12.31"]
[White "Schnabel, Ralf"]
[Black "Kourousis, Epaminondas"]
[Result "1/2-1/2"]
[ECO "B34"]
[WhiteElo "2220"]
[BlackElo "2392"]
[Annotator "NA"]
[PlyCount "153"]
[EventDate "2019.12.05"]
[EventType "swiss"]
[EventCountry "EST"]
[SourceTitle "playchess.com"]
[Source "ChessBase"]
[SourceQuality "1"]
[TimeControl "900+10"]

1. e4 c5 2. Nf3 Nc6 3. d4 cxd4 4. Nxd4 g6 5. Nc3 Bg7 6. Nb3 Nf6 7. Be2 O-O 8. Bg5 d6 9. O-O Be6 10. Kh1 h6 11. Bh4 g5 12. Bg3 d5 13. Nc5 d4 14. Nb5 Rc8 15. c3 dxc3 16. Nxc3 Nd4 17. Nxe6 Nxe6 18. Qxd8 Rfxd8 19. Rfd1 Nd4 20. Bf1 Nh5 21. Rd2 Nxg3+ 22. hxg3 Nc6 23. Rxd8+ Rxd8 24. Rd1 Bxc3 25. Rxd8+ Nxd8 26. bxc3 Ne6 27. Bd3 Kg7 28. Kg1 Nc5 29. Bc2 Kf6 30. f3 e5 31. Kf2 h5 32. Ke3 h4 33. Kf2 a5 34. g4 Ke7 35. Ke3 f6 36. Kf2 Kd6 37. Ke3 Ne6 38. Bd3 Kc5 39. Kd2 b5 40. a3 Nd8 41. Kc2 Nb7 42. Kb3 Nd6 43. Be2 Nc8 44. Bd3 Ne7 45. Be2 Nc6 46. Bf1 Ne7 47. Be2 Ng6 48. Bd3 Nf4 49. Bf1 Ne6 50. Be2 Kb6 51. Bf1 Nc5+ 52. Kc2 a4 53. Be2 Nb3 54. Bf1 Kc5 55. Be2 Na5 56. Kb2 Nb7 57. Kc2 Nd6 58. Kd2 Nf7 59. Kc2 Nd8 60. Bf1 Ne6 61. Be2 Nf4 62. Bf1 Kc6 63. Kd2 Kb6 64. Kc1 Ng6 65. Kc2 Kc5 66. Be2 Ne7 67. Bd3 Nc8 68. Bf1 Nd6 69. Kb2 Ne8 70. Kc2 Nd6 71. Kb2 Kc6 72. Be2 Kc5 73. Bf1 Nb7 74. Be2 Na5 75. Bf1 Nb3 76. Kc2 Na5 77. Kb2 1/2-1/2

[Event "EIRCC 2019"]
[Site "Tallinn"]
[Date "2019.12.06"]
[Round "12.32"]
[White "Opryshko, Stanislav"]
[Black "Krutti, Valer"]
[Result "1-0"]
[ECO "A48"]
[WhiteElo "2208"]
[BlackElo "2370"]
[Annotator "NA RC"]
[PlyCount "31"]
[EventDate "2019.12.05"]
[EventType "swiss"]
[EventCountry "EST"]
[SourceTitle "playchess.com"]
[Source "ChessBase"]
[SourceQuality "1"]
[TimeControl "900+10"]

1. d4 Nf6 2. Nf3 g6 3. c4 c6 4. Nc3 d5 5. cxd5 cxd5 6. Bf4 Nc6 7. e3 Bg7 8. h3 O-O 9. Ne5 Qb6 10. Qb3 e6 11. Nxc6 bxc6 12. Bd6 Re8 13. Be2 Ba6 14. Bc5 Qa5 15. Bb4 Qb6 16. Na4 1-0

[Event "EIRCC 2019"]
[Site "Tallinn"]
[Date "2019.12.06"]
[Round "12.33"]
[White "Degtiarev, Evgeny"]
[Black "Wallin, Aleksi"]
[Result "1/2-1/2"]
[ECO "D17"]
[WhiteElo "2367"]
[BlackElo "2219"]
[Annotator "NA"]
[PlyCount "81"]
[EventDate "2019.12.05"]
[EventType "swiss"]
[EventCountry "EST"]
[SourceTitle "playchess.com"]
[Source "ChessBase"]
[SourceQuality "1"]
[TimeControl "900+10"]

1. d4 d5 2. c4 c6 3. Nf3 Nf6 4. Nc3 dxc4 5. a4 Bf5 6. Ne5 Nbd7 7. Nxc4 Nb6 8. Ne5 a5 9. g3 e6 10. Bg2 Bb4 11. O-O O-O 12. e3 h6 13. Qb3 Nfd7 14. Nxd7 Nxd7 15. Na2 Qb6 16. Nxb4 c5 17. e4 Bg6 18. d5 Qxb4 19. Qxb4 axb4 20. Bf4 Nf6 21. Rfe1 Rfe8 22. Bc7 exd5 23. exd5 Rxe1+ 24. Rxe1 Rxa4 25. d6 Bf5 26. Bxb7 c4 27. Rc1 c3 28. b3 Ra2 29. d7 Bxd7 30. Bd6 Rb2 31. Ba6 Rxb3 32. Bd3 Be6 33. Ra1 Ra3 34. Rxa3 bxa3 35. Bxa3 Nd7 36. f4 Bb3 37. Kf2 Nb6 38. Ke3 Nc4+ 39. Bxc4 Bxc4 40. Kd4 Be6 41. Ke4 1/2-1/2

[Event "EIRCC 2019"]
[Site "Tallinn"]
[Date "2019.12.06"]
[Round "12.34"]
[White "Maier, Christian"]
[Black "Chibukhchyan, Erik"]
[Result "0-1"]
[ECO "C47"]
[WhiteElo "2363"]
[BlackElo "2211"]
[Annotator "NA"]
[PlyCount "120"]
[EventDate "2019.12.05"]
[EventType "swiss"]
[EventCountry "EST"]
[SourceTitle "playchess.com"]
[Source "ChessBase"]
[SourceQuality "1"]
[TimeControl "900+10"]

1. e4 e5 2. Nf3 Nc6 3. Nc3 Nf6 4. d4 Bb4 5. d5 Bxc3+ 6. bxc3 Nb8 7. Nxe5 Qe7 8. Qd4 d6 9. Bb5+ Kd8 10. Nf3 Qxe4+ 11. Qxe4 Nxe4 12. Bb2 Nd7 13. Bd3 Ndc5 14. c4 f6 15. O-O Re8 16. Rfe1 Nxd3 17. cxd3 Nc5 18. Rxe8+ Kxe8 19. Ne1 Bf5 20. Rd1 Kf7 21. f3 Re8 22. Kf2 Rxe1 23. Kxe1 Nxd3+ 24. Kd2 Nxb2 25. Rc1 Nd3 26. Rc3 Nc5 27. Re3 h5 28. Kc3 a5 29. Kd4 g5 30. Ra3 b6 31. Re3 Bb1 32. Re2 h4 33. g3 h3 34. Rf2 Bf5 35. g4 Bd7 36. Rf1 f5 37. Rg1 Kf6 38. Rg3 f4 39. Rxh3 Ba4 40. Rh6+ Kg7 41. Rh5 Kg6 42. h4 gxh4 43. Rxh4 Bd1 44. Rh3 Be2 45. Rh5 Bxf3 46. Rf5 Bxg4 47. Rxf4 Bf5 48. Rf2 Bb1 49. Rb2 Bf5 50. Rf2 Nd7 51. Rg2+ Kf7 52. Rf2 Kf6 53. a3 Ne5 54. Rf1 Kg6 55. Rg1+ Bg4 56. Rf1 Kg7 57. Rf2 Bh5 58. Rg2+ Kf7 59. Rf2+ Ke7 60. Rg2 Bg6 0-1

[Event "EIRCC 2019"]
[Site "Tallinn"]
[Date "2019.12.06"]
[Round "13.4"]
[White "Riazantsev, Alexander"]
[Black "Lysyj, Igor"]
[Result "1-0"]
[ECO "D37"]
[WhiteElo "2594"]
[BlackElo "2599"]
[Annotator "ChessBase"]
[PlyCount "55"]
[EventDate "2019.12.05"]
[EventType "swiss"]
[EventCountry "EST"]
[SourceTitle "playchess.com"]
[Source "ChessBase"]
[SourceQuality "1"]
[TimeControl "900+10"]

1. d4 Nf6 2. c4 e6 3. Nf3 d5 4. Nc3 dxc4 5. e4 Bb4 6. Bxc4 Nxe4 7. O-O Nxc3 8. bxc3 Bd6 9. Bd3 Nd7 10. Qe2 O-O 11. Qe4 g6 12. Bg5 Be7 13. Bh6 Re8 14. Rad1 Nf6 15. Qe2 Bf8 16. Bg5 h6 17. Bh4 Bg7 18. Ne5 Bd7 19. Qf3 Ba4 20. Rb1 g5 21. Bg3 Qd5 22. Qe2 c5 23. f4 Bc6 24. fxg5 hxg5 25. Nxc6 bxc6 26. Be5 c4 27. Bxc4 Qe4 28. Bxf6 1-0

[Event "EIRCC 2019"]
[Site "Tallinn"]
[Date "2019.12.06"]
[Round "13.6"]
[White "Postny, Evgeny"]
[Black "Usmanov, Vasily"]
[Result "1/2-1/2"]
[ECO "E10"]
[WhiteElo "2598"]
[BlackElo "2428"]
[Annotator "ChessBase"]
[PlyCount "118"]
[EventDate "2019.12.05"]
[EventType "swiss"]
[EventCountry "EST"]
[SourceTitle "playchess.com"]
[Source "ChessBase"]
[SourceQuality "1"]
[TimeControl "900+10"]

1. d4 Nf6 2. c4 e6 3. Nf3 a6 4. Nc3 d5 5. cxd5 exd5 6. Bg5 Be6 7. e3 Nbd7 8. h3 Bd6 9. Bd3 c6 10. Bf4 Qb8 11. Qd2 Nh5 12. Bxd6 Qxd6 13. O-O-O O-O-O 14. Kb1 Kb8 15. Rc1 Nb6 16. Qc2 Nf6 17. Nd2 Rc8 18. Na4 Nxa4 19. Qxa4 Nd7 20. Nb3 Rc7 21. Rc3 g6 22. Rhc1 Bf5 23. Bxf5 Nb6 24. Qa5 Nc4 25. Qc5 Qxc5 26. dxc5 gxf5 27. Nd4 Rg8 28. g3 Nd2+ 29. Ka1 Ne4 30. R3c2 Rg5 31. h4 Rh5 32. b4 Rc8 33. a4 Kc7 34. Kb2 Ra8 35. Ra1 Nf6 36. Kc3 Nd7 37. Kb3 Nf8 38. Raa2 Ne6 39. Nf3 Rh6 40. Ne5 Rf6 41. Nf3 h5 42. Rc3 Rg6 43. Ne5 Rg7 44. Rd2 Re8 45. Nf3 Rg4 46. Nd4 Nxd4+ 47. Rxd4 Ree4 48. Rcd3 Kd7 49. b5 axb5 50. axb5 Rxd4 51. Rxd4 Rxd4 52. exd4 cxb5 53. Kb4 Kc6 54. Ka5 f4 55. gxf4 f5 56. f3 b4 57. Kxb4 b6 58. cxb6 Kxb6 59. Ka4 Ka6 1/2-1/2

[Event "EIRCC 2019"]
[Site "Tallinn"]
[Date "2019.12.06"]
[Round "13.7"]
[White "Dordzhieva, Dinara"]
[Black "Aleksandrov, Aleksej"]
[Result "1/2-1/2"]
[ECO "A13"]
[WhiteElo "2310"]
[BlackElo "2576"]
[Annotator "ChessBase"]
[PlyCount "254"]
[EventDate "2019.12.05"]
[EventType "swiss"]
[EventCountry "EST"]
[SourceTitle "playchess.com"]
[Source "ChessBase"]
[SourceQuality "1"]
[TimeControl "900+10"]

1. Nf3 Nf6 2. c4 e6 3. g3 d5 4. Bg2 dxc4 5. Qa4+ Nbd7 6. Qxc4 c5 7. Qc2 b6 8. O-O Bb7 9. Nc3 Rc8 10. d3 Be7 11. b3 O-O 12. Bb2 Nb8 13. Rac1 Nc6 14. Qb1 Qd7 15. Rfd1 Rfd8 16. Qa1 Bf8 17. Nb1 Nd5 18. Ne5 Nxe5 19. Bxe5 Nb4 20. Bxb7 Qxb7 21. Nd2 Rd7 22. Bb2 Qd5 23. Nf3 f6 24. Bc3 Nc6 25. Qb2 Rcd8 26. Nd2 Qh5 27. Nf3 e5 28. Re1 Qh3 29. Qc2 Kh8 30. Bb2 Nb4 31. Qb1 a6 32. Bc3 Nd5 33. Bb2 Ne7 34. Qc2 Nd5 35. a3 b5 36. Qb1 Qe6 37. Qc2 Rc7 38. Qb1 Rdc8 39. Nd2 Qd7 40. Qa2 Ra8 41. Rc2 a5 42. Rec1 a4 43. Ne4 axb3 44. Qxb3 Rac8 45. Ba1 Nb6 46. Bc3 Na4 47. Ba5 Rb7 48. Bd2 c4 49. Qa2 Nb6 50. dxc4 Nxc4 51. Bb4 Qf5 52. Bxf8 Qxe4 53. Bb4 h5 54. Qb3 Rd8 55. Qf3 Qxf3 56. exf3 Ra7 57. Rc3 Rd5 58. Kg2 Kh7 59. Rb3 Kg6 60. Rcb1 Ra4 61. Rc1 Kf5 62. Rcb1 Ke6 63. Bf8 Nd2 64. Rxb5 Nxb1 65. Rxb1 Kf7 66. Bb4 Ra7 67. Rc1 Rd3 68. Rc8 Rb3 69. g4 h4 70. Rf8+ Kg6 71. Rh8 Rc7 72. Rxh4 Rc8 73. Rh3 Rb2 74. f4 exf4 75. Rf3 Rc4 76. h3 Ra2 77. Bd6 Kg5 78. Rd3 Rcc2 79. Rf3 Rc4 80. Rd3 f5 81. Rd5 g6 82. Be7+ Kh6 83. gxf5 gxf5 84. Rxf5 Kg6 85. Rf6+ Kg7 86. Rf5 Rd4 87. Bb4 Kg6 88. Rf8 Rc2 89. Rg8+ Kh7 90. Rf8 Rcc4 91. Rf7+ Kg6 92. Rf8 Rd3 93. Be7 Kg7 94. Rf5 Re4 95. Bb4 Kg6 96. Rf8 Rc4 97. Be7 Rd5 98. Bb4 Kg7 99. Re8 Rd3 100. Re6 Kf7 101. Rh6 Rb3 102. Rd6 Rb2 103. Rd8 Kg7 104. Rd7+ Kg6 105. Rd6+ Kf5 106. Rd5+ Ke4 107. Rd8 Rcc2 108. Re8+ Kd5 109. Be1 Ra2 110. Kf3 Rc4 111. Bb4 Rb2 112. h4 Rb3+ 113. Kg4 Rb2 114. Kf3 Rb1 115. Rf8 Ke5 116. Re8+ Kd5 117. Rf8 Rb3+ 118. Kg4 f3+ 119. Kg5 Rc2 120. Rf5+ Ke6 121. Rf6+ Kd7 122. Rf7+ Ke8 123. Rf8+ Kd7 124. Rf7+ Kc6 125. Rf6+ Kc7 126. Rf7+ Kc8 127. Rf8+ Kd7 1/2-1/2